 Dungeon Crawl Stone Soup version 0.29.1-1-gd02db6906a (webtiles) character file.

Game seed: 13458491230906864436

111 RascalDebosk the Magician (level 5, -3/39 HPs)
             Began as a Djinni Air Elementalist on Oct 12, 2022.
             Killed by divine providence
             ... invoked by an orc priest
              (15 damage)
             ... on level 3 of the Dungeon.
             The game lasted 00:16:18 (3486 turns).

RascalDebosk the Magician (Djinni Air Elementalist) Turns: 3486, Time: 00:16:18

Health: -3/39      AC:  2    Str:  7    XL:     5   Next: 15%
Gold:   129        EV: 16    Int: 19    God:
                   SH:  0    Dex: 13

rFire   + + .      SeeInvis .   s - +0 dagger
rCold   x . .      Faith    .   (no shield)
rNeg    . . .      Spirit   .   a - +0 robe
rPois   ∞          Reflect  .   (no helmet)
rElec   .          Harm     .   (no cloak)
rCorr   .          Rampage  .   (no gloves)
Will    +....                   (boots unavailable)
Stlth   ++........              (no amulet)
HPRegen 0.13/turn               f - ring of willpower
MPRegen 0.00/turn               m - +4 ring of evasion

@: flying, very slightly contaminated
A: sickness immunity, fire resistance 2, cold vulnerability 1, float, innate
caster, HP casting, extra vitality 1
a: no special abilities


You were on level 3 of the Dungeon.
You visited 1 branch of the dungeon, and saw 3 of its levels.

You collected 129 gold pieces.

Inventory:

Hand Weapons
 o - a +0 falchion
 s - a +0 dagger (weapon)
Armour
 a - a +0 robe (worn)
Jewellery
 f - a ring of willpower (left hand)
 m - a +4 ring of evasion (right hand)
Scrolls
 b - 2 scrolls of identify {unknown}
 d - 2 scrolls of poison {unknown}
 e - a scroll of immolation {unknown}
 g - a scroll of fear {unknown}
 n - a scroll of noise {unknown}
Potions
 c - a potion of heal wounds {unknown}
 h - a potion of haste {unknown}
 i - 2 potions of might {unknown}
 j - 2 potions of curing {unknown}
 k - 2 potions of magic {unknown}
 l - a potion of lignification {unknown}


   Skills:
 + Level 2.3 Fighting
 - Level 1.1 Short Blades
 - Level 2.2 Dodging
 - Level 1.6 Stealth
 + Level 3.1 Spellcasting
 - Level 1.3 Evocations


You couldn't memorise any spells.
You knew the following spells:

 Your Spells              Type           Power      Damage    Failure   Level
a - Shock                 Conj/Air       60%        1d6       4%          1
b - Static Discharge      Conj/Air       15%        3-5/arc   6%          2
c - Swiftness             Air            15%        N/A       12%         3
d - Airstrike             Air            7%         2d(2-18)  38%         4
e - Necrotise             Necr           60%        1d7       4%          1
f - Searing Ray           Conj           30%        2d5       6%          2
Your spell library was empty.

Dungeon Overview and Level Annotations

Branches:
Dungeon (3/15)

Altars:
Ashenzari
Uskayaw


Innate Abilities, Weirdness & Mutations

You are immune to sickness and miasma.
You are immune to poison.
Your flesh is very heat resistant. (rF++)
You are vulnerable to cold. (rC-)
You float through the air rather than walking.
You learn spells naturally, not from books.
Your magical power is your life essence.
You have superior vitality. (+4 MHP)


Message History

There is an open door here.
You reach down and open the door.
There is an open door here.
You see here a hobgoblin skeleton.
A frilled lizard comes into view.
Aiming: Shock (safe; 4% risk of failure)
Press: ? - help, Q - select action, (/) - cycle Shift-Dir - straight line, f - frilled lizard
Aim: a frilled lizard (53% to hit)
The zap hits the frilled lizard.
You kill the frilled lizard!
An orc priest comes into view. It is wielding a +0 club.
Aiming: Shock (safe; 4% risk of failure)
Press: ? - help, Q - select action, (/) - cycle Shift-Dir - straight line, f - orc priest
Aim: an orc priest, wielding a +0 club (wandering, hasn't noticed you, 71% to hit)
The zap hits the orc priest.
The orc priest is lightly wounded.
The orc priest shouts!
An orc comes into view. It is wielding a +0 club. x2
Aiming: Shock (safe; 4% risk of failure)
Press: ? - help, Q - select action, (/) - cycle Shift-Dir - straight line, f - orc
Aim: an orc, wielding a +0 club (71% to hit)
The zap hits the orc.
The orc is heavily wounded.
The orc shouts!
An orc comes into view. It is wielding a +0 short sword.
Aiming: Shock (safe; 4% risk of failure)
Press: ? - help, Q - select action, (/) - cycle Shift-Dir - straight line, f/p - orc
Aim: an orc, wielding a +0 club (heavily wounded, 71% to hit)
The zap hits the orc.
You kill the orc!
The orc shouts!
Aiming: Shock (safe; 4% risk of failure)
Press: ? - help, Q - select action, (/) - cycle Shift-Dir - straight line, f - orc
Aim: an orc, wielding a +0 short sword (71% to hit)
The zap hits the orc.
The orc is severely wounded.
Aiming: Shock (safe; 4% risk of failure)
Press: ? - help, Q - select action, (/) - cycle Shift-Dir - straight line, f/p - orc
Aim: an orc, wielding a +0 short sword (severely wounded, 71% to hit)
The zap misses the orc.
The zap hits the orc priest.
The orc priest is moderately wounded.
You hear a shout!
An orc comes into view. It is wielding a +0 dagger.
Aiming: Shock (safe; 4% risk of failure)
Press: ? - help, Q - select action, (/) - cycle Shift-Dir - straight line, f - orc
Aim: an orc, wielding a +0 club (71% to hit)
The zap hits the orc.
The orc is heavily wounded.
Aiming: Shock (safe; 4% risk of failure)
Press: ? - help, Q - select action, (/) - cycle Shift-Dir - straight line, f/p - orc
Aim: an orc, wielding a +0 club (heavily wounded, 71% to hit)
The zap hits the orc.
You kill the orc!
Aiming: Shock (safe; 4% risk of failure)
Press: ? - help, Q - select action, (/) - cycle Shift-Dir - straight line, f - orc
Aim: an orc, wielding a +0 short sword (severely wounded, 71% to hit)
The zap misses the orc.
Aiming: Shock (safe; 4% risk of failure)
Press: ? - help, Q - select action, (/) - cycle Shift-Dir - straight line, f/p - orc
Aim: an orc, wielding a +0 short sword (severely wounded, 71% to hit)
You miscast Shock.
You are very lightly contaminated with residual magic.
Nothing appears to happen.
The orc priest mumbles some strange prayers to Beogh against you.
Beogh smites you!
Aiming: Shock (safe; 4% risk of failure)
Press: ? - help, Q - select action, (/) - cycle Shift-Dir - straight line, f/p - orc
Aim: an orc, wielding a +0 short sword (severely wounded, 71% to hit)
The zap hits the orc.
You kill the orc!
The zap hits the orc priest.
The orc priest is heavily wounded.
* * * LOW HITPOINT WARNING * * *
Aiming: Shock (safe; 4% risk of failure)
Press: ? - help, Q - select action, (/) - cycle Shift-Dir - straight line, f - orc priest
Aim: an orc priest, wielding a +0 club (heavily wounded, 71% to hit)
The zap hits the orc priest.
The orc priest is heavily wounded.
* * * LOW HITPOINT WARNING * * *
The orc priest calls upon Beogh to heal the orc.
The orc's wounds heal themselves!
Casting: Shock (safe; 4% risk of failure)
Confirm with . or Enter, or press ? or * to list all spells.
The spell is extremely dangerous to miscast (38% risk of failure)!
Continue anyway?
Aiming: Airstrike (extremely dangerous; 38% risk of failure)
Press: ? - help, Dir - move target, f/p - orc priest
Aim: an orc priest, wielding a +0 club (heavily wounded, empty space bonus: 3/8)
You miscast Airstrike.
Nothing appears to happen.
* * * LOW HITPOINT WARNING * * *
Casting: Airstrike (extremely dangerous; 38% risk of failure)
Confirm with . or Enter, or press ? or * to list all spells.
The orc priest is struck by an arc of lightning.
The orc priest is severely wounded.
You are struck by an arc of lightning.
* * * LOW HITPOINT WARNING * * *
The lightning grounds out.
* * * LOW HITPOINT WARNING * * *
The orc priest invokes the aid of Beogh against you.
Beogh smites you!
You die...

#.# #.# #.# #.#
##.###### ##
##.....†.# ..
#.....##.#
#.###.##.........
#......@..#.##.##
..###...o...# #
#####o### #.# ...
.... .... .).


You could see an orc priest and an orc.

Vanquished Creatures
  4 adders
  3 worms (D:2)
  A dart slug (D:1)
  3 orcs (D:3)
  A bat (D:2)
  3 endoplasms (D:1)
  2 giant cockroaches (D:1)
  7 hobgoblins
  3 jackals
  3 quokkas
  6 ball pythons
  5 frilled lizards
  9 goblins
  2 kobolds
  4 rats
56 creatures vanquished.

Notes
Turn   | Place    | Note
-------+----------+-------------------------------------------
     0 | D:1      | RascalDebosk the Djinni Air Elementalist began the quest
                  | for the Orb.
     0 | D:1      | RascalDebosk set off with the following spells memorised:
                  | Shock, Static Discharge, Swiftness, Airstrike.
     0 | D:1      | Reached XP level 1. HP: 15/15 MP: 0/0
   346 | D:1      | Reached XP level 2. HP: 19/22 MP: 0/0
   783 | D:1      | Reached XP level 3. HP: 15/26 MP: 0/0
   783 | D:1      | Learned a level 1 spell: Necrotise
   784 | D:1      | Reached skill level 1 in Fighting
   938 | D:1      | Reached skill level 1 in Evocations
  1335 | D:1      | Reached skill level 1 in Short Blades
  1858 | D:2      | Reached XP level 4. HP: 30/32 MP: 0/0
  2296 | D:2      | Reached skill level 3 in Spellcasting
  2376 | D:2      | Found a faded altar of an unknown god.
  2648 | D:2      | Found a hide-covered altar of Uskayaw.
  3142 | D:3      | Reached XP level 5. HP: 26/38 MP: 0/0
  3142 | D:3      | Learned a level 2 spell: Searing Ray
  3291 | D:3      | Found a broken altar of Ashenzari.
  3486 | D:3      | Killed from afar by an orc priest

Illustrated notes

Levels and vault maps discovered:
D:1:      lightli_arrival_statuegarden, layout_loops_cross
D:2:      minmay_chambers_of_ones, layout_loops_ring,
          shapermc_ecumenical_altar_notcrosses, basic_altar
D:3:      layout_loops_corners, nicolae_ashenzari_panopticon,
          grunt_temple_overflow_cloverleaf

Skill      XL: |  1  2  3  4 |
---------------+-------------+-----
Fighting       | 1 2 |  2.3
Evocations     | 1 |  1.3
Short Blades   | 1 |  1.1
Spellcasting   | 3 |  3.1
Dodging        | |  2.2
Stealth        | |  1.6

Action                   |  1- 3 |  4- 6 || total
-------------------------+-------+-------++-------
Melee: Dagger            |     9 |       ||     9
 Cast: Shock             |    60 |    61 ||   121
       Static Discharge  |     1 |     4 ||     5
       Necrotise         |       |     1 ||     1
 Stab: Sleeping          |     1 |       ||     1
Armor: Robe              |     2 |       ||     2
Dodge: Dodged            |    18 |     3 ||    21
